 Dungeon Crawl Stone Soup version 0.31.0-11-ge490571c62 (webtiles) character file.

Game seed: 12410256421930641960

202 Ashen the Sneak (level 5, -3/36 (38) HPs)
             Began as a Gnoll Enchanter on Feb 1, 2024.
             Slain by a sleepcap (4 damage)
             ... on level 4 of the Dungeon.
             The game lasted 00:08:52 (2970 turns).

Ashen the Sneak (Gnoll Enchanter)                   Turns: 2970, Time: 00:08:53

HP:   -3/36 (38)    AC:  7    Str:  8    XL:     5   Next: 80%
MP:   5/21          EV:  2    Int: 14    God:
Gold: 145           SH:  0    Dex: 14    Spells: 3/14 levels left

rFire   . . .        a - +1 dagger
rCold   . . .        (no shield)
rNeg    . . .        b - +0 robe
rPois   .            (no helmet)
rElec   .            m - +2 cloak {Will+}
rCorr   .            (no gloves)
SInv    .            q - +1 pair of boots
Will    +....        p - amulet of reflection
Stlth   +++          g - ring of magical power
HPRegen 0.26/turn    l - ring of flight
MPRegen 0.17/turn

%: reflection
@: sleeping, flying, very slightly contaminated, drained
A: fangs 1, strong nose, distributed training
a: no special abilities


You were on level 4 of the Dungeon.
You visited 1 branch of the dungeon, and saw 4 of its levels.

You collected 145 gold pieces.

Inventory:

Hand Weapons
 a - a +1 dagger (weapon)
Missiles
 n - 2 throwing nets (quivered)
Armour
 b - a +0 robe (worn)
 m - a +2 cloak of willpower (worn)
 q - a +1 pair of boots (worn)
Jewellery
 g - a ring of magical power (left hand)
 l - a ring of flight (right hand)
 p - an amulet of reflection (around neck)
Scrolls
 h - 3 scrolls of identify {unknown}
 i - 2 scrolls of blinking {unknown}
 r - a scroll of brand weapon {unknown}
Potions
 c - 2 potions of invisibility
 d - 2 potions of heal wounds {unknown}
 e - 3 potions of haste {unknown}
 f - a potion of attraction {unknown}
 j - 2 potions of brilliance {unknown}
 k - a potion of berserk rage {unknown}
 o - a potion of resistance {unknown}


   Skills:
 + Level 1.7 Fighting
 + Level 3.1 Short Blades
 + Level 1.7 Long Blades
 + Level 1.7 Axes
 + Level 1.7 Maces & Flails
 + Level 1.7 Polearms
 + Level 1.7 Staves
 + Level 1.7 Ranged Weapons
 + Level 1.7 Throwing
 + Level 1.7 Armour
 + Level 4.9 Dodging
 + Level 6.2 Stealth
 + Level 1.7 Shields
 + Level 1.7 Unarmed Combat
 + Level 5.2 Spellcasting
 + Level 1.3 Conjurations
 + Level 5.6 Hexes
 + Level 1.3 Summonings
 + Level 1.3 Necromancy
 + Level 1.3 Translocations
 + Level 1.3 Fire Magic
 + Level 1.3 Ice Magic
 + Level 1.3 Air Magic
 + Level 1.3 Earth Magic
 + Level 1.3 Alchemy
 + Level 1.9 Invocations
 + Level 1.7 Evocations
 + Level 1.5 Shapeshifting


You had 3 spell levels left.
You knew the following spells:

 Your Spells              Type           Power      Damage    Failure   Level
a - Ensorcelled Hibernat  Hex/Ice        26%        N/A       6%          2
b - Confusing Touch       Hex            19%        N/A       4%          3
c - Tukima's Dance        Hex            19%        N/A       4%          3
d - Dazzling Flash        Conj/Hex       26%        N/A       12%         3

Your spell library contained the following spells:

 Spells                   Type           Power      Damage    Failure   Level


Dungeon Overview and Level Annotations

Branches:
Dungeon (4/15)
 Temple: D:4-7

Altars:
Qazlal
Zin


Innate Abilities, Weirdness & Mutations

You have very sharp teeth.
Your uncanny sense of smell can sniff out nearby items.
Your experience applies equally to all skills.


Message History

Press: ? - help, Shift-Dir - straight line You miscast Ensorcelled Hibernation.
You are very lightly contaminated with residual magic.
Nothing appears to happen.
You hear some strange, mumbled words.
A puff of flame appears from out of thin air!
The puff of flame misses you.
Casting: Ensorcelled Hibernation (safe; 6% risk of failure)
Confirm with . or Enter, or press ? or * to list all spells.
Aiming: Ensorcelled Hibernation (safe; 6% risk of failure)
Press: ? - help, Shift-Dir - straight line Nothing appears to happen.
Casting: Ensorcelled Hibernation (safe; 6% risk of failure)
Confirm with . or Enter, or press ? or * to list all spells.
Aiming: Ensorcelled Hibernation (safe; 6% risk of failure)
Press: ? - help, Shift-Dir - straight line You miscast Ensorcelled Hibernation.
Nothing appears to happen.
Casting: Ensorcelled Hibernation (safe; 6% risk of failure)
Confirm with . or Enter, or press ? or * to list all spells.
Aiming: Ensorcelled Hibernation (safe; 6% risk of failure)
Press: ? - help, Shift-Dir - straight line Nothing appears to happen.
Casting: Ensorcelled Hibernation (safe; 6% risk of failure)
Confirm with . or Enter, or press ? or * to list all spells.
Aiming: Ensorcelled Hibernation (safe; 6% risk of failure)
Press: ? - help, Shift-Dir - straight line Nothing appears to happen.
An orc wizard appears from thin air!
Reactivating autopickup.
The helpless orc wizard fails to defend itself.
You impale the orc wizard!!
You kill the orc wizard!
You hit the sleepcap but do no damage.
You bite the sleepcap, but do no damage.
The sleepcap is heavily damaged.
The sleepcap releases spores at you.
* * * LOW HITPOINT WARNING * * *
You are engulfed in a cloud of soporific spores!
You fall asleep.
The sleepcap releases spores at you.
You die...

#+#.##.....#.... .(
...##.....#.... ...
..##.....# ..# ≈≈≈≈
..##.....# .#
...≈##+#.##..)..#
#.≈.....##.....##..
#.≈.....##.....##..# ∆
#.≈...†)##f....##..#
#.≈...†..@####.##..#
#.≈.###...#..#.##..# ##.
#.≈..........#.##... ..#
S#........._.#.#
#.#####.# #...........#.#
#.....#.#
#........#..#.###..##.#.#
#.####...####......##.#.#
#.........# #.###.###.#.#
#...###..## #.##.........


You could see a sleepcap.

Vanquished Creatures
  2 iguanas (D:4)
  An orc wizard (D:4)
  4 adders
  2 dart slugs
  4 ribbon worms
  3 orcs
  5 ball pythons
  5 endoplasms
  3 giant cockroaches
  8 goblins
  8 hobgoblins
  3 jackals (D:3)
  4 quokkas
  4 bats
  4 frilled lizards
  9 kobolds
  3 rats (D:1)
72 creatures vanquished.

Notes
Turn   | Place    | Note
-------+----------+-------------------------------------------
     0 | D:1      | Ashen the Gnoll Enchanter began the quest for the Orb.
     0 | D:1      | Reached XP level 1. HP: 13/13 MP: 6/6
   155 | D:1      | Reached XP level 2. HP: 19/19 MP: 7/7
   181 | D:1      | Learned a level 2 spell: Ensorcelled Hibernation
   448 | D:1      | Found a faded altar of an unknown god.
   612 | D:1      | Reached skill level 5 in Spellcasting
   612 | D:1      | Reached XP level 3. HP: 22/25 MP: 9/9
   914 | D:2      | Reached skill level 6 in Stealth
  1045 | D:2      | Reached skill level 1 in Invocations
  1413 | D:2      | Reached skill level 1 in Fighting
  1413 | D:2      | Reached skill level 1 in Long Blades
  1413 | D:2      | Reached skill level 1 in Axes
  1413 | D:2      | Reached skill level 1 in Maces & Flails
  1413 | D:2      | Reached skill level 1 in Polearms
  1413 | D:2      | Reached skill level 1 in Staves
  1413 | D:2      | Reached skill level 1 in Ranged Weapons
  1413 | D:2      | Reached skill level 1 in Throwing
  1413 | D:2      | Reached skill level 1 in Armour
  1413 | D:2      | Reached skill level 1 in Shields
  1413 | D:2      | Reached skill level 1 in Unarmed Combat
  1413 | D:2      | Reached skill level 1 in Evocations
  1494 | D:2      | Reached skill level 1 in Shapeshifting
  1494 | D:2      | Reached XP level 4. HP: 32/32 MP: 11/11
  1584 | D:2      | Learned a level 3 spell: Confusing Touch
  1588 | D:2      | Learned a level 3 spell: Tukima's Dance
  1592 | D:2      | Learned a level 3 spell: Dazzling Flash
  2074 | D:3      | Found a stormy altar of Qazlal.
  2104 | D:3      | Reached skill level 1 in Conjurations
  2104 | D:3      | Reached skill level 1 in Summonings
  2104 | D:3      | Reached skill level 1 in Necromancy
  2104 | D:3      | Reached skill level 1 in Translocations
  2104 | D:3      | Reached skill level 1 in Fire Magic
  2104 | D:3      | Reached skill level 1 in Ice Magic
  2104 | D:3      | Reached skill level 1 in Air Magic
  2104 | D:3      | Reached skill level 1 in Earth Magic
  2104 | D:3      | Reached skill level 1 in Alchemy
  2660 | D:4      | Reached XP level 5. HP: 32/37 MP: 9/12
  2831 | D:4      | Found a glowing silver altar of Zin.
  2969 | D:4      | HP: 1/36 [sleepcap (5)]
  2970 | D:4      | Slain by a sleepcap

Illustrated notes

Levels and vault maps discovered:
D:1:      onia_arrival_pyramid, layout_basic,
          ebering_ecumenical_altar_sacrificial, nicolae_houndstooth_variations
D:2:      layout_loops_cross, minmay_misc_feat_roman
D:3:      minmay_wonky_spiral, layout_basic, mainiacjoe_overflow_alcove_2
D:4:      layout_basic, mainiacjoe_overflow_alcove_1,
          lemuel_zombie_altar_kikubaaqudgha, nicolae_ru_the_path_less_chosen,
          nicolae_overflow_squiral, minmay_temple_entry_wispy, uniq_natasha,
          uniq_eustachio

Skill      XL: |  1  2  3  4  5 |
---------------+----------------+-----
Spellcasting   | 5 |  5.2
Stealth        | 6 |  6.2
Invocations    | 1 |  1.9
Fighting       | 1 |  1.7
Long Blades    | 1 |  1.7
Axes           | 1 |  1.7
Maces & Flails | 1 |  1.7
Polearms       | 1 |  1.7
Staves         | 1 |  1.7
Ranged Weapons | 1 |  1.7
Throwing       | 1 |  1.7
Armour         | 1 |  1.7
Shields        | 1 |  1.7
Unarmed Combat | 1 |  1.7
Evocations     | 1 |  1.7
Shapeshifting  | 1 |  1.5
Conjurations   | 1 |  1.3
Summonings     | 1 |  1.3
Necromancy     | 1 |  1.3
Translocations | 1 |  1.3
Fire Magic     | 1 |  1.3
Ice Magic      | 1 |  1.3
Air Magic      | 1 |  1.3
Earth Magic    | 1 |  1.3
Alchemy        | 1 |  1.3
Short Blades   | 3 |  3.1
Dodging        | |  4.9
Hexes          | |  5.6

Action                     |  1- 3 |  4- 6 || total
---------------------------+-------+-------++-------
  Melee: Dagger            |    74 |    91 ||   165
         Bite              |     6 |    11 ||    17
         Punch             |     1 |       ||     1
   Cast: Ensorcelled Hiber |    20 |    49 ||    69
         Confusing Touch   |       |     3 ||     3
   Stab: Sleeping          |    30 |    27 ||    57
         Confused          |       |     1 ||     1
 Armour: Robe              |    23 |    46 ||    69
  Dodge: Dodged            |    31 |    82 ||   113
  Block: Other             |       |     8 ||     8
